 Dungeon Crawl Stone Soup version 0.25.0-11-g1f837a76a1 (webtiles) character file.

Game seed: 3057382575036965766

(classic levelgen) 382 EnegeticOcto the Bolt Thrower (level 6, -1/57 HPs)
             Began as a Naga Arcane Marksman on June 25, 2020.
             Slain by a gnoll
             ... wielding a +0 flail
              (7 damage)
             ... on level 5 of the Dungeon.
             The game lasted 00:06:47 (4405 turns).

EnegeticOcto the Bolt Thrower (NaAM)                Turns: 4405, Time: 00:06:47

Health: -1/57      AC:  9    Str: 14    XL:     6   Next: 76%
Magic:  16/16      EV: -1    Int: 14    God:
Gold:   247        SH:  0    Dex: 11    Spells: 6/7 levels left

rFire    . . .     SeeInvis +   a - +0 hand crossbow
rCold    . . .     Gourm    .   (no shield)
rNeg     . . .     Faith    .   j - +0 chain mail
rPois    +         Spirit   .   x - +0 helmet
rElec    .         Reflect  .   l - +0 cloak
rCorr    .         Harm     .   z - +0 pair of gloves
MR       .....                  (no barding)
Stlth    ..........             (no amulet)
HPRegen  0.19/turn              B - ring of magical power
MPRegen  0.15/turn              s - -4 ring of evasion (curse)

@: held, very slow
A: large, see invisible, deformed body, poison resistance, slowness 2, slow
metabolism 1, spit poison 1, AC +2
a: Spit Poison


You were on level 5 of the Dungeon.
You were very hungry.

You visited 1 branch of the dungeon, and saw 5 of its levels.

You collected 247 gold pieces.

Inventory:

Hand Weapons
 a - a +0 hand crossbow (weapon)
 b - a +0 spear
 u - a +0 broad axe
Missiles
 d - 25 bolts (quivered)
 h - 19 arrows
 o - 2 throwing nets {!f}
 y - 3 poisoned darts
Armour
 j - a +0 chain mail (worn)
 l - a +0 cloak (worn)
 x - a +0 helmet (worn)
 z - a +0 pair of gloves (worn)
Jewellery
 s - a cursed -4 ring of evasion (right hand)
 B - a ring of magical power (left hand)
Scrolls
 i - a scroll of fear {!r}
 k - 3 scrolls of teleportation {@r3 !r}
 m - a scroll of immolation
 p - a scroll of random uselessness {unknown}
 A - a scroll of magic mapping {unknown}
Potions
 c - a potion of haste {@q4 !q}
 f - a potion of curing {@q1 !q}
 g - a potion of cancellation {unknown}
 n - 3 potions of brilliance {unknown}
 q - 3 potions of magic
 r - 3 potions of resistance
 t - a potion of berserk rage {unknown}
 v - 2 potions of degeneration {unknown}
 w - 2 potions of heal wounds {@q2 !q}
Comestibles
 e - 11 rations


   Skills:
 + Level 3.8 Fighting
 + Level 4.6 Crossbows
 - Level 1.5 Dodging
 - Level 4.0 Stealth
 - Level 1.0 Spellcasting
 - Level 3.0 Hexes


You had 6 spell levels left.
You knew the following spells:

 Your Spells              Type           Power        Failure   Level  Hunger
a - Corona                Hex            #......      93%         1    ##.....

Your spell library contained the following spells:

 Spells                   Type           Power        Failure   Level  Hunger
 Slow                     Hex            #.......     98%         2    ###....
 Confusing Touch          Hex            #.......     100%        3    ####...
 Gell's Gravitas          Tloc           #.........   100%        3    ####...
 Inner Flame              Hex/Fire       #.......     100%        3    ####...
 Portal Projectile        Hex/Tloc       #.....       100%        3    ####...
 Cause Fear               Hex            #.........   100%        4    #####..
 Leda's Liquefaction      Hex/Erth       #.........   100%        4    #####..
 Petrify                  Tmut/Erth      #.......     100%        4    #####..
 Metabolic Englaciation   Hex/Ice        #.........   100%        5    ######.
 Yara's Violent Unravell  Hex/Tmut       #.........   100%        5    ######.


Dungeon Overview and Level Annotations

Branches:
Dungeon (5/15)
 Temple: D:4-7

Altars:
Kikubaaqudgha
Okawaru

Annotations:
D:2 1 runed translucent door, Crazy Yiuf


Innate Abilities, Weirdness & Mutations

You cannot wear boots.
Your serpentine skin is tough. (AC +2)
You have supernaturally acute eyesight. (SInv)
Armour fits poorly on your strangely shaped body.
Your system is resistant to poisons. (rPois)
You cover ground very slowly.
You have a slow metabolism.
You can spit poison.


Message History

Aim: a gnoll shaman, wielding a +0 whip and wearing a +0 robe You shoot a bolt.
The bolt hits the gnoll shaman but does no damage.
The gnoll shaman hits you with a +0 whip.
The gnoll hits you from afar with a +0 spear.
Press: ? - help, Shift-Dir - straight line, f/p - gnoll shaman
Aim: a gnoll shaman, wielding a +0 whip and wearing a +0 robe The splash of poison hits the gnoll shaman but does no damage.
The gnoll shaman is poisoned.
You feel slightly more hungry. The gnoll hits you but does no damage.
The gnoll shaman hits you with a +0 whip.
Firing (i - inventory. (/) - cycle)
d - 36 bolts (quivered)
Press: ? - help, Shift-Dir - straight line, f/p - gnoll shaman
Aim: a gnoll shaman, wielding a +0 whip and wearing a +0 robe (poisoned)
You shoot a bolt. The bolt hits the gnoll shaman!
The gnoll shaman is moderately wounded.
The gnoll hits you from afar with a +0 spear.
The gnoll shaman mumbles some strange prayers to its god.
The gnoll shaman is healed somewhat.
The gnoll hits you but does no damage.
The gnoll shaman hits you with a +0 whip.
You are too injured to fight recklessly!
You are too injured to fight recklessly!
Firing (i - inventory. (/) - cycle)
d - 35 bolts (quivered)
Press: ? - help, Shift-Dir - straight line, f/p - gnoll shaman
Aim: a gnoll shaman, wielding a +0 whip and wearing a +0 robe (moderately wounded, poisoned)
You shoot a bolt. The bolt hits the gnoll shaman!
The gnoll shaman is severely wounded.
The gnoll hits you but does no damage. x2
The gnoll shaman hits you but does no damage.
Firing (i - inventory. (/) - cycle)
d - 34 bolts (quivered)
Press: ? - help, Shift-Dir - straight line, f/p - gnoll shaman
Aim: a gnoll shaman, wielding a +0 whip and wearing a +0 robe (severely wounded, poisoned)
You shoot a bolt. The bolt hits the gnoll shaman.
The gnoll shaman is almost dead.
The gnoll shaman looks more healthy.
The gnoll hits you from afar with a +0 spear.
The gnoll hits you but does no damage. The gnoll shaman completely misses you.
Firing (i - inventory. (/) - cycle)
d - 33 bolts (quivered)
Press: ? - help, Shift-Dir - straight line, f/p - gnoll shaman
Aim: a gnoll shaman, wielding a +0 whip and wearing a +0 robe (almost dead)
You shoot a bolt. The bolt hits the gnoll shaman.
The gnoll shaman is almost dead.
The gnoll completely misses you.
The gnoll shaman hits you but does no damage.
The gnoll hits you but does no damage.
The gnoll shaman hits you with a +0 whip.
Firing (i - inventory. (/) - cycle)
d - 32 bolts (quivered)
Press: ? - help, Shift-Dir - straight line, f/p - gnoll shaman
Aim: a gnoll shaman, wielding a +0 whip and wearing a +0 robe (almost dead)
You shoot a bolt. The bolt hits the gnoll shaman!
You kill the gnoll shaman!
You have got your breath back.
The gnoll hits you but does no damage. x2
Firing (i - inventory. (/) - cycle)
d - 31 bolts (quivered)
Press: ? - help, Shift-Dir - straight line, f - gnoll
Aim: a gnoll, wielding a +0 spear (fast)
You shoot a bolt.
The bolt hits the gnoll but does no damage.
The gnoll hits you from afar with a +0 spear.
The gnoll hits you but does no damage.
Firing (i - inventory. (/) - cycle)
d - 30 bolts (quivered)
Press: ? - help, Shift-Dir - straight line, f/p - gnoll
Aim: a gnoll, wielding a +0 spear (fast)
You shoot a bolt. The bolt hits the gnoll.
The gnoll is lightly wounded.
The gnoll hits you but does no damage.
The gnoll hits you from afar with a +0 spear.
Firing (i - inventory. (/) - cycle)
d - 29 bolts (quivered)
Press: ? - help, Shift-Dir - straight line, f/p - gnoll
Aim: a gnoll, wielding a +0 spear (lightly wounded, fast)
You shoot a bolt. The bolt hits the gnoll.
The gnoll is heavily wounded.
The gnoll hits you but does no damage. x2
Firing (i - inventory. (/) - cycle)
d - 28 bolts (quivered)
Press: ? - help, Shift-Dir - straight line, f/p - gnoll
Aim: a gnoll, wielding a +0 spear (heavily wounded, fast)
You shoot a bolt. The bolt hits the gnoll.
The gnoll is severely wounded.
The gnoll hits you from afar with a +0 spear.
* * * LOW HITPOINT WARNING * * *
Firing (i - inventory. (/) - cycle)
d - 27 bolts (quivered)
Press: ? - help, Shift-Dir - straight line, f/p - gnoll
Aim: a gnoll, wielding a +0 spear (severely wounded, fast)
You shoot a bolt. The bolt hits the gnoll!
You kill the gnoll!
Firing (i - inventory. (/) - cycle)
d - 26 bolts (quivered)
Press: ? - help, Shift-Dir - straight line, f - gnoll
Aim: a gnoll, wielding a +0 flail You shoot a bolt.
The bolt closely misses the gnoll.
Okay, then.
The gnoll throws a throwing net.
The throwing net hits you.
You become entangled in the net!
The gnoll hits you but does no damage.
You see here a throwing net {!f}.
You struggle against the net.
You struggle against the net.
The gnoll hits you with a +0 flail!
* * * LOW HITPOINT WARNING * * *
The gnoll hits you.
* * * LOW HITPOINT WARNING * * *
You struggle against the net.
The gnoll hits you with a +0 flail!
You die...

##. !. #. # #.##
##.( .####...
.(.(.
.......###.(.?..
#.gg))(#
##@##### #.# #.#
#.# #.#
#########.#
#.......#.#
#.#####.#.# #.#
#.#.#


You could see 2 gnolls.

Vanquished Creatures
  An ogre (D:4)
  A bullfrog (D:5)
  A centaur skeleton (D:4)
  A hound (D:4)
  A gnoll shaman (D:5)
  A worker ant (D:4)
  A worker ant zombie (D:4)
  2 gnolls (D:5)
  An adder (D:2)
  3 worms
  3 dart slugs (D:1)
  2 leopard geckos
  An orc (D:4)
  5 bats
  3 giant cockroaches
  3 goblins
  8 hobgoblins
  7 jackals
  6 kobolds
  6 quokkas
  5 frilled lizards
  6 rats
68 creatures vanquished.

Notes
Turn   | Place    | Note
-------+----------+-------------------------------------------
     0 | D:1      | EnegeticOcto the Naga Arcane Marksman began the quest for
                  | the Orb.
     0 | D:1      | Reached XP level 1. HP: 18/18 MP: 2/2
   262 | D:1      | Reached skill level 2 in Crossbows
   262 | D:1      | Reached skill level 1 in Stealth
   388 | D:1      | Reached XP level 2. HP: 23/25 MP: 3/3
   544 | D:1      | Reached skill level 2 in Stealth
   888 | D:1      | Reached XP level 3. HP: 27/31 MP: 4/4
   939 | D:1      | Reached skill level 3 in Stealth
  1580 | D:2      | Found a runed translucent door.
  1581 | D:2      | Noticed Crazy Yiuf
  1627 | D:2      | Reached XP level 4. HP: 38/38 MP: 5/5
  1911 | D:2      | Reached skill level 3 in Crossbows
  1963 | D:3      | Found an iron altar of Okawaru.
  2047 | D:3      | Reached skill level 4 in Stealth
  3211 | D:4      | Reached skill level 2 in Fighting
  3211 | D:4      | Reached XP level 5. HP: 38/45 MP: 6/6
  3346 | D:3      | Found an ancient bone altar of Kikubaaqudgha.
  3549 | D:4      | Noticed an ogre
  3559 | D:4      | Killed an ogre
  3559 | D:4      | Reached skill level 3 in Fighting
  3559 | D:4      | Reached skill level 4 in Crossbows
  3559 | D:4      | Reached XP level 6. HP: 16/56 MP: 7/7
  4293 | D:5      | Entered Level 5 of the Dungeon
  4405 | D:5      | Slain by a gnoll

Illustrated notes

Levels and vault maps discovered:
D:1:      elethiomel_arrival_infinity_welcomes_careful_drivers,
          layout_loops_ring
D:2:      layout_loops_ring, uniq_crazy_yiuf_cottage
D:3:      lemuel_upstairs_altar, layout_loops_ring, okawaru_metal_pillars_3,
          minmay_fractal_squares_5
D:4:      layout_gridville, first_ration
D:5:      layout_loops_ring, serial_shops, shop

Skill      XL: |  1  2  3  4  5 |
---------------+----------------+-----
Crossbows      | 2 3 4 |  4.6
Stealth        | 1 2 3 4 |  4.0
Fighting       | 2 3 |  3.8
Dodging        | |  1.5
Spellcasting   | |  1.0
Hexes          | |  3.0

Action                   |  1- 3 |  4- 6 || total
-------------------------+-------+-------++-------
Melee: Unarmed           |    29 |       ||    29
       Spear             |       |    51 ||    51
 Fire: Hand crossbow     |    58 |    97 ||   155
 Abil: Spit Poison       |    18 |     8 ||    26
  Use: Scroll            |     4 |     6 ||    10
  Eat: Chunk             |     2 |     3 ||     5
       Ration            |       |     1 ||     1
Armor: Chain mail        |    37 |    97 ||   134
Dodge: Dodged            |     9 |    23 ||    32
